 Dungeon Crawl Stone Soup version 0.27.0-1-g7a089689b8 (webtiles) character file.

Game seed: 7661123351275855708

107 ParallaxScroll the Skirmisher (level 5, -2/42 HPs)
             Began as a Djinni Gladiator on Aug 1, 2021.
             Was a Believer of Zin.
             Slain by Grinder (6 damage)
             ... on level 3 of the Dungeon.
             The game lasted 00:09:26 (3050 turns).

ParallaxScroll the Skirmisher (Djinni Gladiator)    Turns: 3050, Time: 00:09:26

Health: -2/42      AC:  6    Str: 20    XL:     5   Next: 10%
Gold:   128        EV: 12    Int:  9    God:    Zin [**....] SH:  0 Dex: 15

rFire    + + .     SeeInvis .   a - +0 quarterstaff
rCold    x . .     Faith    .   (shield currently unavailable)
rNeg     . . .     Spirit   .   l - +0 ring mail
rPois    ∞         Reflect  .   c - +0 helmet
rElec    .         Harm     .   (no cloak)
rCorr    .         Rampage  .   (no gloves)
Will     .....                  (boots unavailable)
Stlth    +.........             (no amulet)
HPRegen  0.14/turn              q - +6 ring of strength
MPRegen  0.00/turn              (no ring)

@: flying
A: sickness immunity, fire resistance 2, cold vulnerability 1, float, innate
caster, hp casting, extra vitality 1
a: Renounce Religion, Recite, Vitalisation, Donate Gold


You were on level 3 of the Dungeon.
You worshipped Zin.
Zin was pleased with you.
You visited 1 branch of the dungeon, and saw 3 of its levels.

You collected 142 gold pieces.
You donated 14 gold pieces to Zin.

Inventory:

Hand Weapons
 a - a +0 quarterstaff (weapon)
 i - a +0 rapier
 n - a +0 flail
Missiles
 e - 193 stones (quivered)
 j - 19 sling bullets
 k - 28 poisoned darts
Armour
 c - a +0 helmet (worn)
 l - a +0 ring mail (worn)
Magical Staves
 s - a staff of cold
Jewellery
 q - a +6 ring of strength (left hand)
Scrolls
 f - 2 scrolls of teleportation {unknown}
 g - a scroll of holy word {unknown}
 r - a scroll of identify {unknown}
Potions
 b - 2 potions of curing {unknown}
 h - 2 potions of flight {unknown}
 m - a potion of haste {unknown}
 o - a potion of heal wounds {unknown}
 p - a potion of attraction {unknown}


   Skills:
 + Level 4.6 Fighting
 - Level 3.0 Staves
 - Level 1.5 Throwing
 - Level 3.2 Dodging
 + Level 0.2 Spellcasting


You had one spell level left.
You knew the following spells:

 Your Spells              Type           Power      Damage    Failure   Level
a - Pain                  Necr           0%         1d4       54%         1
b - Wereblood             Tmut           0%         N/A       67%         2
Your spell library was empty.

Dungeon Overview and Level Annotations

Branches:
Dungeon (3/15)

Altars:
Zin

Annotations:
D:3 Grinder


Innate Abilities, Weirdness & Mutations

You are immune to sickness and miasma.
You are immune to poison.
Your flesh is very heat resistant. (rF++)
You are vulnerable to cold. (rC-)
You float through the air rather than walking.
You learn spells naturally, not from books.
Your magical power is your life essence.
You have superior vitality. (+4 HP)


Message History

The throwing net closely misses Grinder.
Throw: 2 throwing nets
Press: ? - help, Q - select action, (/) - cycle Shift-Dir - straight line, f/p - Grinder
Aim: Grinder (lightly wounded, 57% to hit)
You throw a throwing net. The throwing net barely misses Grinder.
You barely miss Grinder.
Grinder is lightly wounded.
Grinder hits you!
You writhe in agony.
You hit Grinder.
Grinder is lightly wounded.
Grinder hits you but does no damage.
Throw: throwing net
Press: ? - help, Q - select action, (/) - cycle Shift-Dir - straight line, f/p - Grinder
Aim: Grinder (lightly wounded, 57% to hit)
You throw a throwing net.
The throwing net closely misses Grinder.
Grinder hits you.
You writhe in agony.
You sock Grinder!
Grinder is moderately wounded.
Grinder closely misses you.
You hit Grinder.
Grinder is heavily wounded.
Grinder gestures at you. Pain shoots through your body!
You barely miss Grinder.
Grinder is heavily wounded.
Grinder hits you.
* * * LOW HITPOINT WARNING * * *
You writhe in agony.
* * * LOW HITPOINT WARNING * * *
You hit Grinder.
Grinder is heavily wounded.
Grinder gestures at you. You resist with significant effort.
You thump Grinder!
Grinder is severely wounded.
Grinder hits you. Zin protects you from harm!
You writhe in agony.
You die...

#......#.#
#..##.##..
##..# #
##...##
#..#..###..
#.###(...
#..#(.###..
##..5##
###@#
..########†#
....5....).#
...#########


You could see Grinder.

Vanquished Creatures
  A gnoll (D:1)
  2 adders (D:3)
  2 worms
  A dart slug (D:3)
  An orc (D:3)
  7 ball pythons
  6 bats
  3 endoplasms
  5 giant cockroaches
  8 goblins
  7 hobgoblins
  2 jackals (D:2)
  4 quokkas
  2 frilled lizards (D:2)
  7 kobolds
  4 rats
  A spectral goblin (D:2)
63 creatures vanquished.

Vanquished Creatures (others)
  10 plants (D:3)
10 creatures vanquished.

Grand Total: 73 creatures vanquished

Notes
Turn   | Place    | Note
-------+----------+-------------------------------------------
     0 | D:1      | ParallaxScroll the Djinni Gladiator began the quest for the
                  | Orb.
     0 | D:1      | Reached XP level 1. HP: 18/18 MP: 0/0
   325 | D:1      | Reached XP level 2. HP: 16/23 MP: 0/0
  1014 | D:1      | Reached XP level 3. HP: 29/29 MP: 0/0
  1014 | D:1      | Learned a level 1 spell: Pain
  1045 | D:1      | Reached skill level 3 in Fighting
  1834 | D:2      | Reached XP level 4. HP: 37/37 MP: 0/0
  1906 | D:2      | Reached skill level 4 in Fighting
  2392 | D:2      | Found a faded altar of an unknown god.
  2399 | D:2      | Became a worshipper of Zin the Law-Giver
  2399 | D:2      | Reached * piety under Zin
  2399 | D:2      | Reached ** piety under Zin
  3022 | D:3      | Reached XP level 5. HP: 42/42 MP: 0/0
  3022 | D:3      | Learned a level 2 spell: Wereblood
  3027 | D:3      | Noticed Grinder
  3050 | D:3      | Zin protects you from harm!
  3050 | D:3      | Slain by Grinder

Illustrated notes

Levels and vault maps discovered:
D:1:      minmay_arrival_shattered_statue, layout_basic,
          minmay_misc_feat_enclosed
D:2:      minmay_thinvault, layout_basic,
          dreamdust_ecumenical_altar_drowned_temple
D:3:      layout_loops_ring, good_gods_temple_1, serial_bayou_pond_b,
          uniq_grinder

Skill      XL: |  1  2  3  4 |
---------------+-------------+-----
Staves         | 3 |  3.0
Fighting       | 3 4 |  4.6
Throwing       | |  1.5
Dodging        | |  3.2
Spellcasting   | |  0.2

Action                   |  1- 3 |  4- 6 || total
-------------------------+-------+-------++-------
Melee: Quarterstaff      |    88 |   102 ||   190
Throw: Stone             |     8 |     2 ||    10
       Throwing net      |       |     3 ||     3
Armor: Leather armour    |     7 |       ||     7
       Ring mail         |    13 |    29 ||    42
Dodge: Dodged            |    40 |    42 ||    82
